 Dungeon Crawl Stone Soup version 0.28.0-45-g0d030f2227 (webtiles) character file.

Game seed: 17835032530593150559

22 Zeor the Skirmisher (level 2, -2/19 HPs)
             Began as a Gargoyle Monk on Apr 20, 2022.
             Slain by a worm (5 damage)
             ... on level 2 of the Dungeon.
             The game lasted 00:01:55 (1129 turns).

Zeor the Skirmisher (Gargoyle Monk)                 Turns: 1129, Time: 00:01:55

Health: -2/19      AC:  5    Str: 14    XL:     2   Next: 91%
Magic:  2/2        EV: 12    Int: 10    God:
Gold:   29         SH:  0    Dex: 12    Spells: 1/1 levels left

rFire   . . .      SeeInvis .   a - +1 mace
rCold   . . .      Faith    .   (no shield)
rNeg    + . .      Spirit   .   b - +0 robe
rPois   ∞          Reflect  .   (no helmet)
rElec   +          Harm     .   (no cloak)
rCorr   .          Rampage  .   f - +0 pair of gloves
Will    .....                   (no boots)
Stlth   ++........              (no amulet)
HPRegen 0.06/turn               (no ring)
MPRegen 0.08/turn               (no ring)

@: no status effects
A: sickness immunity, AC +2, negative energy resistance 1, electricity
resistance, torment resistance 1, petrification resistance
a: no special abilities


You were on level 2 of the Dungeon.
You visited 1 branch of the dungeon, and saw 2 of its levels.

You collected 29 gold pieces.

Inventory:

Hand Weapons
 a - a +1 mace (weapon)
Missiles
 d - 30 arrows
Armour
 b - a +0 robe (worn)
 f - a +0 pair of gloves (worn)
Potions
 c - 2 potions of curing
 e - a potion of haste {unknown}


   Skills:
 + Level 3.6 Fighting
 * Level 3.4 Maces & Flails
 + Level 2.6 Dodging
 + Level 2.3 Stealth


You had one spell level left.
You didn't know any spells.
Your spell library was empty.

Dungeon Overview and Level Annotations

Branches:
Dungeon (2/15)

Altars:


Innate Abilities, Weirdness & Mutations

You are immune to sickness and miasma.
Your stone body is resilient. (AC +2)
You are immune to poison.
You resist negative energy. (rN+)
You are resistant to electric shocks. (rElec)
You are resistant to unholy torment.
You are immune to petrification.


Message History

Things that are here:
a +0 dagger; 3 stones; a kobold corpse A rat comes into view.
Found a pair of gloves.
A hobgoblin comes into view.
Found 11 gold pieces.
You see here a +0 pair of gloves.
f - a +0 pair of gloves You barely miss the rat.
The rat bites you but does no damage.
You barely miss the rat.
The hobgoblin shouts!
The rat bites you but does no damage.
You closely miss the rat. The rat bites you.
You closely miss the rat. The rat closely misses you.
You hit the rat.
You kill the rat!
You hit the hobgoblin.
You kill the hobgoblin!
You see here a rat corpse.
You start putting on your armour.
You continue putting on your +0 pair of gloves. x4
You finish putting on your +0 pair of gloves.
You now have 29 gold pieces (gained 11).
A worm comes into view.
The worm bites you!
You hit the worm but do no damage. You barely miss the worm.
The worm bites you but does no damage.
You hit the worm.
The worm is moderately wounded.
The worm bites you but does no damage.
You hit the worm.
The worm is heavily wounded.
You hit the worm but do no damage.
The worm is heavily wounded.
The worm bites you!
* * * LOW HITPOINT WARNING * * *
You barely miss the worm.
The worm is heavily wounded.
The worm bites you.
You die...

∙▒ ∙▒ ▒ ∙▒ ▒∙ ∙▒ ∙▒ ∙▒
∙▒∙▒▒▒▒▒▒▒▒▒▒▒▒▒▒▒
▒▒∙w∙∙∙∙∙∙∙∙∙†<∙∙∙∙
▒▒∙▒∙9▒▒▒▒▒▒▒▒▒▒▒▒▒▒▒▒
▒∙∙∙∙∙∙∙∙∙▒
▒∙▒▒▒▒▒▒▒∙▒▒ ▒ ▒∙∙▒
▒∙∙▒▒ ▒∙∙∙▒ ▒▒ ▒†∙∙▒
▒∙▒▒▒∙∙∙▒▒ ▒∙∙∙∙∙∙∙▒


You could see a worm.

Vanquished Creatures
  A worm (D:2)
  3 bats (D:1)
  2 endoplasms (D:1)
  A goblin (D:1)
  3 hobgoblins
  2 kobolds
  A quokka (D:1)
  A ball python (D:1)
  A frilled lizard (D:1)
  3 rats
18 creatures vanquished.

Notes
Turn   | Place    | Note
-------+----------+-------------------------------------------
     0 | D:1      | Zeor the Gargoyle Monk began the quest for the Orb.
     0 | D:1      | Reached XP level 1. HP: 14/14 MP: 1/1
   431 | D:1      | Reached XP level 2. HP: 15/19 MP: 2/2
  1021 | D:2      | Found a faded altar of an unknown god.
  1129 | D:2      | Slain by a worm

Illustrated notes

Levels and vault maps discovered:
D:1:      minmay_arrival_jagged, layout_rooms
D:2:      layout_loops_ring, basic_altar, ebering_ecumenical_altar_webs,
          serial_shops, shop, minmay_misc_feat_plants

Action                   || total
-------------------------++-------
Melee: Mace              ||    60
  Use: Scroll            ||     2
 Stab: Sleeping          ||     3
Armor: Robe              ||    17
Dodge: Dodged            ||    31
